 Dungeon Crawl Stone Soup version 0.19.4-9-g45fd643 (webtiles) character file.

3499 Kiel97 the Spear-Bearer (level 10, -2/79 HPs)
             Began as a Merfolk Chaos Knight on Feb 12, 2017.
             Slain by Erica
             ... wielding a +1 scimitar of flaming
              (4 damage)
             ... on level 7 of the Dungeon on Feb 15, 2017.
             The game lasted 00:17:39 (7731 turns).

Kiel97 the Spear-Bearer (Merfolk Chaos Knight)      Turns: 7731, Time: 00:17:40

Health: -2/79      AC:  6    Str: 14    XL:     10   Next: 7%
Magic:  10/10      EV: 17    Int: 11    God:    Xom [..*...]
Gold:   352        SH:  0    Dex: 16    Spells: 0 memorised, 9 levels left

rFire  . . .     SeeInvis .     a - +0 halberd
rCold  . . .     Gourm    .     b - +3 leather armour
rNeg   . . .     Faith    .     (shield currently unavailable)
rPois  .         Spirit   .     (no helmet)
rElec  .         Reflect  .     (no cloak)
rCorr  .         Harm     .     (no gloves)
MR     +....                    (no boots)
Stlth  +.........               (no amulet)
                                q - ring of protection from magic
                                (no ring)

@: no status effects
A: change form in water, swift swim, stealthy swim
a: Renounce Religion


You were on level 7 of the Dungeon.
You worshipped Xom.
You were a toy of Xom.
You were not hungry.

You visited 2 branches of the dungeon, and saw 9 of its levels.

You collected 352 gold pieces.

Inventory:

Hand Weapons
 a - a +0 halberd (weapon)
Armour
 b - a +3 leather armour (worn)
Jewellery
 q - a ring of protection from magic (right hand)
 v - the ring of Xom's Full Attention {Fire Dex+4}
   (Xom gifted it to you on level 6 of the Dungeon)

   [ring of fire]

   It enhances your fire magic.
   It affects your dexterity (+4).
   It protects you from fire.
   It makes you vulnerable to cold.
Wands
 x - a wand of acid (8/15)
Scrolls
 f - 5 scrolls of remove curse
 g - 3 scrolls of identify
 l - a scroll of immolation {unknown}
 n - 2 scrolls of blinking
 p - 3 scrolls of enchant armour
 r - a scroll of recharging {unknown}
 t - a scroll of magic mapping
 w - a scroll of acquirement {unknown}
Potions
 d - 2 potions of degeneration {unknown}
 e - a potion of flight
 h - 2 potions of curing
 i - a potion of lignification
 j - 2 potions of resistance {unknown}
 k - a potion of brilliance
 s - a potion of haste {unknown}
Comestibles
 c - 4 bread rations
 o - 2 meat rations
 u - 4 fruits


   Skills:
 + Level 7.2 Fighting
 * Level 13.7 Polearms
 + Level 4.4 Armour
 + Level 8.2 Dodging


You had 9 spell levels left.
You didn't know any spells.

Dungeon Overview and Level Annotations

Branches:
Dungeon (8/15)             Temple (1/1) D:7
   Lair: D:8-11

Altars:
Ashenzari
Cheibriados
Dithmenos
Elyvilon
Fedhas
Gozag
Hepliaklqana
Kikubaaqudgha
Makhleb
Nemelex Xobeh
Okawaru
Qazlal
Sif Muna
Trog
Uskayaw
Vehumet
Xom
Yredelemnul
Zin
The Shining One

Annotations:
D:7 Erica
D:8 Gastronok


Message History

You start resting.
You hear some strange, mumbled words.
An orb of energy appears from out of thin air!
The orb of energy hits you!
* * * LOW HITPOINT WARNING * * *
A shower of butterflies erupts from you!
The orb of energy explodes!
You hear some strange, mumbled words.
Something tries to affect you, but you resist.
Something closely misses you. Something hits you but does no damage.
You feel better. Something hits you.
* * * LOW HITPOINT WARNING * * *
Something burns you.
* * * LOW HITPOINT WARNING * * *
Unknown command.
You miss something. Something hits you!
* * * LOW HITPOINT WARNING * * *
Something burns you.
You die...

####........####...............#.
#......#......##.#.............#.
#.............##.#.............#.
#.............##.#.............#.
#..........#.....................
#..........#.b...........#.....#.
#...#....................#.....#.
#...#......###...........#.......
#...#......###..@..##....####....
#..........#..b{...##....#.......
#........###...>.b...............
#........# #...b...#........#....
#........###................#....
#.....................#.....#....
#.....................#.....#)...
#.....................#..........
#...................[.######.....


There were no monsters in sight!

Vanquished Creatures
  A satyr (shapeshifter) (D:6)
  2 humans (D:7)
  The ghost of jermanator181 the Firebug, an amateur HEFE of Makhleb (D:7)
  An orc warrior (D:8)
  4 ogres
  3 phantoms
  2 sky beasts
  3 bullfrogs
  A wyvern zombie (D:7)
  5 scorpions
  3 wights (D:6)
  An electric eel (D:7)
  2 howler monkeys
  2 hounds
  A jelly (D:6)
  3 orc priests
  A centaur skeleton (D:7)
  5 orc wizards
  2 iguanas
  4 worker ants
  A killer bee zombie (D:7)
  2 hound skeletons (D:6)
  9 gnolls
  4 adders
  2 oozes
  6 worms
  2 dart slugs (D:1)
  2 leopard geckos
  28 orcs
  2 ball pythons
  11 bats
  4 giant cockroaches
  5 goblins
  7 hobgoblins
  6 jackals
  6 quokkas
  2 frilled lizards (D:2)
  7 kobolds
  A leopard gecko zombie (D:5)
  A quokka zombie (D:6)
  10 rats
165 creatures vanquished.

Vanquished Creatures (collateral kills)
  A hungry ghost (D:4)
  A bat (D:1)
  A frilled lizard (D:1)
3 creatures vanquished.

Vanquished Creatures (others)
  A quokka (D:4)
1 creature vanquished.

Grand Total: 169 creatures vanquished

Notes
Turn   | Place    | Note
-------+----------+-------------------------------------------
     0 | D:1      | Kiel97 the Merfolk Chaos Knight began the quest for the Orb.
     0 | D:1      | Reached XP level 1. HP: 18/18 MP: 1/1
    97 | D:1      | Reached skill level 5 in Polearms
    97 | D:1      | Reached XP level 2. HP: 20/24 MP: 2/2
   128 | D:1      | XOM: harmless Erth miscast
   451 | D:1      | XOM: harmless Tloc miscast
   615 | D:1      | Reached skill level 6 in Polearms
   615 | D:1      | Reached XP level 3. HP: 24/29 MP: 3/3
   708 | D:1      | Found a shimmering altar of Xom.
   825 | D:1      | XOM: cloud trail
  1066 | D:2      | XOM: mild Necr miscast
  1402 | D:2      | Reached XP level 4. HP: 23/34 MP: 4/4
  1460 | D:2      | Reached skill level 7 in Polearms
  2004 | D:3      | XOM: scenery: create altars
  2318 | D:3      | Reached skill level 8 in Polearms
  2318 | D:3      | Reached XP level 5. HP: 30/40 MP: 5/5
  2603 | D:3      | Found a shadowy altar of Dithmenos.
  2925 | D:4      | Found a white marble altar of Elyvilon.
  2938 | D:4      | Reached skill level 1 in Armour
  3003 | D:4      | Found a blossoming altar of Fedhas.
  3130 | D:4      | Reached XP level 6. HP: 36/47 MP: 6/6
  3220 | D:4      | Reached skill level 9 in Polearms
  3359 | D:4      | Noticed a hungry ghost
  3383 | D:4      | XOM: scenery: create altars
  3385 | D:4      | XOM: summons 6 friendly demons
  3397 | D:4      | Killed a hungry ghost
  3404 | D:5      | Entered Level 5 of the Dungeon
  3448 | D:4      | XOM: torment (25/47 hp)
  3783 | D:4      | Reached XP level 7. HP: 46/53 MP: 7/7
  4051 | D:5      | XOM: confusion
  4065 | D:5      | XOM: smoke on damage
  4193 | D:4      | XOM: harmless Hex miscast
  4282 | D:5      | Upgraded the game from 0.19.4-8-ga85b6b9 to 0.19.4-9-g45fd643
  4400 | D:5      | XOM: noise
  4401 | D:5      | XOM: divination: magic mapping
  4522 | D:5      | XOM: medium Pois miscast
  4674 | D:5      | Reached skill level 10 in Polearms
  4702 | D:5      | XOM: butterfly on damage
  4705 | D:5      | XOM: enchant monster (good)
  4708 | D:5      | Reached skill level 5 in Dodging
  4716 | D:5      | Reached XP level 8. HP: 24/60 MP: 8/8
  4762 | D:5      | Reached skill level 5 in Fighting
  5200 | D:6      | XOM: enchant monster (bad)
  5270 | D:6      | Reached skill level 11 in Polearms
  5316 | D:6      | Found a snail-covered altar of Cheibriados.
  5445 | D:6      | XOM: polymorph orc warrior -> killer bee
  5455 | D:6      | XOM: blink monster(s)
  5634 | D:6      | XOM: confuse monster(s)
  5673 | D:6      | XOM: god gift: brightly glowing jade ring {god gift}
  5674 | D:6      | Got a brightly glowing jade ring {god gift}
  5675 | D:6      | Identified the ring of Xom's Full Attention {Fire Dex+4} (Xom gifted it to you on level 6 of the Dungeon)
  5778 | D:6      | Reached XP level 9. HP: 56/68 MP: 9/9
  5812 | D:6      | XOM: divination: magic mapping
  5825 | D:6      | Reached skill level 12 in Polearms
  5981 | D:6      | XOM: 1-stop teleportation journey
  5992 | D:6      | XOM: 5-stop teleportation journey
  6230 | D:6      | Noticed an entropy weaver
  6232 | D:6      | Noticed a tyrant leech
  6237 | D:6      | Noticed an anaconda
  6240 | D:6      | Noticed a spark wasp
  6240 | D:6      | an anaconda changed into a spark wasp
  6241 | D:6      | Noticed a hill giant
  6241 | D:6      | a spark wasp changed into a hill giant
  6242 | D:6      | Noticed a satyr
  6242 | D:6      | a hill giant changed into a satyr
  6246 | D:6      | XOM: potion effect (heal wounds)
  6253 | D:6      | Killed a satyr
  6519 | D:6      | XOM: scenery: 1 doors close
  6679 | D:7      | Found an iron altar of Okawaru.
  6703 | D:7      | Reached skill level 13 in Polearms
  6963 | D:7      | Noticed jermanator181's ghost (amateur HEFE)
  6977 | D:7      | XOM: scenery: create altars
  6981 | D:7      | Killed jermanator181's ghost
  7132 | D:7      | Found a staircase to the Ecumenical Temple.
  7169 | Temple   | Entered the Ecumenical Temple
  7394 | D:7      | XOM: medium Tmut miscast
  7439 | D:7      | XOM: 4-stop teleportation journey
  7686 | D:7      | Reached XP level 10. HP: 74/79 MP: 10/10
  7710 | D:8      | Noticed Erica
  7720 | D:8      | Noticed Gastronok
  7727 | D:7      | XOM: butterfly on damage
  7731 | D:7      | HP: 2/79 [something (12)]
  7731 | D:7      | Slain by Erica

Skill      XL: |  1  2  3  4  5  6  7  8  9 |
---------------+----------------------------+-----
Polearms       | 5 6 8 9 10 11 13 | 13.7
Dodging        | 3 4 5 6 8 |  8.2
Armour         | 1 2 3 4 |  4.4
Fighting       | 4 5 7 |  7.2

Action                   |  1- 3 |  4- 6 |  7- 9 | 10-12 || total
-------------------------+-------+-------+-------+-------++-------
Melee: Spear             |   120 |   104 |       |       ||   224
       Halberd           |       |    69 |   367 |    20 ||   456
  Use: Scroll            |     8 |     6 |     1 |       ||    15
       Potion            |       |     1 |     4 |     1 ||     6
 Stab: Paralysed         |     1 |       |     3 |       ||     4
       Sleeping          |     1 |     5 |       |       ||     6
       Confused          |       |       |     1 |       ||     1
  Eat: Chunk             |     1 |     7 |    12 |       ||    20
       Royal jelly       |       |       |     1 |       ||     1
Armor: Leather armour    |    42 |    19 |    64 |     1 ||   126
       Skin              |       |       |    14 |       ||    14
Dodge: Dodged            |    56 |    63 |   200 |     9 ||   328
